 Dungeon Crawl Stone Soup version 0.32-a0-172-gc5dd13f2a7 (webtiles) character file.

Game seed: 157123326472067067

919 timneilson the Changeling (level 8, -1/54 HPs)
             Began as an Octopode Shapeshifter on Feb 12, 2024.
             Slain by Duvessa
             ... wielding a +0 short sword
              (11 damage)
             ... on level 4 of the Dungeon.
             The game lasted 00:06:57 (3274 turns).

timneilson the Changeling (Octopode Shapeshifter)   Turns: 3274, Time: 00:06:58

Health: -1/54      AC:  1    Str: 15    XL:     8   Next: 9%
Magic:  8/8        EV: 14    Int: 13    God:
Gold:   295        SH:  0    Dex: 11    Spells: 7/7 levels left

rFire   . .          .
                       - Unarmed
rCold   . . .        (no shield)
rNeg    + . .        (helmet currently unavailable)
rPois   .            (no amulet)
rElec   .            f - ring of flight
rCorr   .            i - ring of positive energy
SInv    .            (no ring)
Will    .....        (no ring)
Stlth   +++          (no ring)
HPRegen 0.29/turn    (no ring)
MPRegen 0.11/turn    (no ring)
                     (no ring)

%: no passive effects
@: beast-form, flying, studying Shapeshifting
A: beast (slay +3), almost no armour, amphibious, 8 rings, camouflage 1,
gelatinous body 1, (nimble swimmer 1), tentacles
a: Begin Untransformation


You were on level 4 of the Dungeon.
You were a hulking beast.
You visited 1 branch of the dungeon, and saw 5 of its levels.

You collected 295 gold pieces.

Inventory:

Jewellery
 f - a ring of flight (left tentacle)
 i - a ring of positive energy (right tentacle)
Talismans
 b - a beast talisman (active)
 c - a flux talisman
 m - a blade talisman
Wands
 o - a wand of polymorph (8)
Scrolls
 j - 3 scrolls of teleportation
 n - a scroll of vulnerability
 p - a scroll of revelation {unknown}
Potions
 a - a potion of lignification
 d - a potion of might {unknown}
 e - a potion of haste
 g - a potion of berserk rage {unknown}
 h - 2 potions of enlightenment {unknown}
 l - a potion of attraction {unknown}


   Skills:
 * Level 4.1 Fighting
 * Level 4.5 Dodging
 + Level 3.9 Stealth
 * Level 5.1 Unarmed Combat
 + Level 1.2 Evocations
 * Level 6.0 Shapeshifting


You had 7 spell levels left.
You didn't know any spells.
Your spell library contained the following spells:

 Spells                   Type           Power      Damage    Failure   Level
 Shock                    Conj/Air       0%         1d3       30%         1
 Dazzling Flash           Conj/Hex       0%         N/A       67%         3
 Swiftness                Air            0%         N/A       67%         3
 Volatile Blastmotes      Fire/Tloc      0%         2d10      67%         3
 Airstrike                Air            0%         2d(0-16)  97%         4
 Starburst                Conj/Fire      0%         6d3       100%        6
 Maxwell's Capacitive Co  Air            0%         ∞         100%        8


Dungeon Overview and Level Annotations

Branches:
Dungeon (5/15)
 Temple: D:4-7

Altars:

Shops:
D:1 *

Annotations:
D:4 Duvessa, Eustachio


Innate Abilities, Weirdness & Mutations

You are a hulking beast.
Your limbs bulge with bestial killing power. (Slay +3)
You cannot wear most types of armour.
You are amphibious.
You can wear up to eight rings at the same time.
Your skin changes colour to match your surroundings (Stealth+).
Your rubbery body absorbs attacks. (AC +1, EV +1)
((You are camouflaged when in or above water. (Stealth+)))
You have tentacles for arms and can constrict up to eight enemies at once.


Message History

The gnoll is severely wounded.
You constrict the gnoll.
Duvessa is no longer blind.
The gnoll misses you.
Duvessa rages.
You tentacle-slap the gnoll.
You kill the gnoll!
Your Shapeshifting skill increases to level 6!
You tentacle-slap Duvessa but do no damage.
You grab Duvessa.
Duvessa is lightly wounded.
You constrict Duvessa. Duvessa hits you with a +0 short sword!
The kobold shouts!
You tentacle-slap Duvessa.
Duvessa is lightly wounded.
You constrict Duvessa, but do no damage.
Duvessa barely misses you. Duvessa hits you with a +0 short sword!
You tentacle-slap Duvessa. You squeeze Duvessa, but do no damage.
Duvessa is moderately wounded.
You constrict Duvessa. Duvessa hits you with a +0 short sword!
* * * LOW HITPOINT WARNING * * *
You tentacle-slap Duvessa.
Duvessa is moderately wounded.
You constrict Duvessa. Duvessa hits you with a +0 short sword.
* * * LOW HITPOINT WARNING * * *
Duvessa closely misses you.
Unknown command.
You are too injured to fight recklessly!
There are monsters nearby!
Throw: dart (atropa)
Press: ? - help, Q - select action, (/) - cycle Shift-Dir - straight line, f/p - Duvessa
Aim: Duvessa, wielding a +0 short sword and wearing a +0 scale mail (moderately wounded, constricted by you, berserk, 93% to hit, chance to blind on hit: 67%)
You throw an atropa-tipped dart. The atropa-tipped dart hits Duvessa.
Duvessa appears confused.
Duvessa is moderately wounded.
You constrict Duvessa. Duvessa barely misses you.
You tentacle-slap Duvessa. You squeeze Duvessa, but do no damage.
Duvessa is moderately wounded.
You constrict Duvessa, but do no damage.
Duvessa seems less confused.
Duvessa completely misses you. Duvessa hits you with a +0 short sword!
You die...

.................#
.................#
......(.......)..#
..[......e...(...#
.................
.............###
..########...# ######
.
..........#####....##
.######..Keh).'.....#
###.#####.....#
........# #.....#
..####### #####.# #.#
#.# #.# ### #.# #.#
#.# #.#


You could see Duvessa (berserk, blind, unable to see you) and a kobold.

Vanquished Creatures
  Sigmund (D:2)
  A water moccasin (D:5)
  A black bear (D:4)
  An ogre (D:3)
  3 scorpions
  Dowan (D:4)
  2 hounds
  A jelly (D:4)
  3 gnolls (D:4)
  4 adders
  3 dart slugs
  3 ribbon worms
  An orc (D:4)
  8 endoplasms
  5 giant cockroaches
  6 goblins
  7 hobgoblins
  4 kobolds
  2 quokkas (D:2)
  8 ball pythons
  8 bats
  3 frilled lizards
  6 rats
82 creatures vanquished.

Notes
Turn   | Place    | Note
-------+----------+-------------------------------------------
     0 | D:1      | timneilson the Octopode Shapeshifter began the quest for
                  | the Orb.
     0 | D:1      | Reached XP level 1. HP: 13/13 MP: 1/1
    71 | D:1      | Found Quigh's General Store.
   120 | D:1      | Reached XP level 2. HP: 18/18 MP: 2/2
   309 | D:1      | Reached skill level 1 in Stealth
   353 | D:1      | Reached XP level 3. HP: 23/23 MP: 3/3
   818 | D:2      | Noticed Sigmund
   852 | D:2      | Killed Sigmund
   853 | D:2      | Reached skill level 4 in Shapeshifting
   853 | D:2      | Reached XP level 4. HP: 4/30 MP: 4/4
   853 | D:2      | Reached XP level 5. HP: 5/35 MP: 5/5
  1218 | D:2      | Reached XP level 6. HP: 34/41 MP: 6/6
  2264 | D:4      | Noticed a black bear
  2297 | D:4      | Killed a black bear
  2298 | D:4      | Reached skill level 5 in Shapeshifting
  2298 | D:4      | Reached XP level 7. HP: 39/46 MP: 7/7
  2884 | D:5      | Entered Level 5 of the Dungeon
  2915 | D:5      | Reached skill level 5 in Unarmed Combat
  2915 | D:5      | Reached skill level 1 in Evocations
  3054 | D:4      | Noticed Eustachio
  3068 | D:4      | Noticed Duvessa
  3069 | D:4      | Noticed Dowan
  3083 | D:4      | Reached XP level 8. HP: 35/54 MP: 8/8
  3213 | D:4      | Killed Dowan
  3269 | D:4      | Reached skill level 6 in Shapeshifting
  3274 | D:4      | Slain by Duvessa

Illustrated notes

Levels and vault maps discovered:
D:1:      lightli_arrival_flooded_house, layout_loops_ring, serial_shops, shop
D:2:      layout_basic, uniq_sigmund
D:3:      layout_loops_ring
D:4:      layout_basic, minmay_bisected, uniq_duvessa, uniq_eustachio
D:5:      layout_loops_cross

Skill      XL: |  1  2  3  4  5  6  7  8 |
---------------+-------------------------+-----
Stealth        | 1 2 3 |  3.9
Fighting       | 2 3 4 |  4.1
Dodging        | 3 4 |  4.5
Unarmed Combat | 4 5 |  5.1
Shapeshifting  | 4 5 6 |  6.0
Evocations     | 1 |  1.2

Action                     |  1- 3 |  4- 6 |  7- 9 || total
---------------------------+-------+-------+-------++-------
  Melee: Unarmed           |    61 |    68 |    54 ||   183
         Constrict         |    13 |    17 |    15 ||    45
         Tentacles         |    12 |    10 |    15 ||    37
         Punch             |     1 |     4 |     2 ||     7
  Throw: Dart              |     3 |     2 |     6 ||    11
    Use: Scroll            |     4 |     3 |       ||     7
   Stab: Sleeping          |     8 |     4 |     6 ||    18
 Armour: Skin              |    26 |    33 |    32 ||    91
  Dodge: Dodged            |    48 |    40 |    34 ||   122

Table legend: (Time is in decaauts)
 A = Elapsed time spent in this place.
 B = Non-inter-level travel time spent in this place.
 C = Inter-level travel time spent in this place.
 D = Time resting spent in this place.
 E = Time spent auto-exploring this place.
 F = Levels seen in this place.
 G = Mean time per level.
                   A        B        C        D        E       F      G
               +--------+--------+--------+--------+--------+-----+--------+
         Total |   3259 |   3098 |    161 |    264 |   2001 |   5 |  651.8 |
       Dungeon |   3259 |   3098 |    161 |    264 |   2001 |   5 |  651.8 |
               +--------+--------+--------+--------+--------+-----+--------+

Top non-repeatable levels by time:
     D:4: 863 daAuts
     D:2: 852 daAuts
     D:1: 819 daAuts
     D:3: 564 daAuts
     D:5: 159 daAuts
